TOP OF THE 1ST |
Vermont Lake Monsters batting - Pitching for Pure Michigan Great Lakers : RHP Pedro Luna
|
Pitching: RHP Pedro Luna
|
|
Batting: RHB Bronson Nicholls
|
0-0: Ground out 3-1 (Groundball, 3)
|
Batting: RHB Ray John
|
0-0: Foul Ball, location: 2F 0-1: Ball 1-1: Foul Ball, location: 2F 1-2: Ball 2-2: Ball 3-2: Ground out 6-3 (Groundball, 6)
|
Batting: RHB Sean MacKnight
|
0-0: Called Strike 0-1: DOUBLE (Flyball, 8LD)
|
Batting: LHB Manny Valentín
|
0-0: Ball 1-0: Ball 2-0: Called Strike 2-1: Foul Ball, location: 2F 2-2: Foul Ball, location: 2F 2-2: DOUBLE (Line Drive, 5L) Sean MacKnight scores
|
Batting: RHB Floyd Mitchell
|
0-0: Called Strike 0-1: Ball 1-1: Ball 2-1: Swinging Strike 2-2: Ball 3-2: Base on Balls
|
Batting: RHB Chuck Wolf
|
0-0: Foul Ball, location: 2F 0-1: Ball 1-1: Ball 2-1: Ball 3-1: Called Strike 3-2: Ground out 6-3 (Groundball, 56)
|
Top of the 1st over - 1 run(s), 2 hit(s), 0 error(s), 2 left on base; Vermont 1 - Pure Michigan 0 |
BOTTOM OF THE 1ST |
Pure Michigan Great Lakers batting - Pitching for Vermont Lake Monsters : RHP Roberto Cantú
|
Pitching: RHP Roberto Cantú
|
|
Batting: SHB Valentín Guzmán
|
0-0: Ball 1-0: Called Strike 1-1: Ball 2-1: Foul Ball, location: 2F 2-2: Strikes out looking
|
Batting: RHB Javier Rivera
|
0-0: Ball 1-0: SINGLE (Groundball, 56D)
|
Batting: RHB Lonnie Conrad
|
0-0: Ball 1-0: Ball 2-0: Ball 3-0: Base on Balls Javier Rivera to second
|
Batting: LHB Mario Cruz
|
0-0: Ball 1-0: Swinging Strike 1-1: Ball 2-1: Swinging Strike 2-2: Strikes out swinging
|
Batting: RHB Ron Ward
|
0-0: Called Strike 0-1: Foul Ball, location: 2F 0-2: Foul Ball, location: 2F 0-2: Ball 1-2: Strikes out swinging
|
Bottom of the 1st over - 0 run(s), 1 hit(s), 0 error(s), 2 left on base; Vermont 1 - Pure Michigan 0 |
TOP OF THE 2ND |
Vermont Lake Monsters batting - Pitching for Pure Michigan Great Lakers : RHP Pedro Luna
|
Batting: RHB Domenic Gallard
|
0-0: Ball 1-0: Ball 2-0: Foul Ball, location: 2F 2-1: Foul Ball, location: 2F 2-2: Ball 3-2: Foul Ball, location: 2F 3-2: Strikes out swinging
|
Batting: RHB Raúl Valadez
|
0-0: Ball 1-0: Called Strike 1-1: Foul Ball, location: 2F 1-2: Foul Ball, location: 2F 1-2: Ball 2-2: Ball 3-2: Base on Balls
|
Batting: RHB Fernando Castro
|
0-0: Foul Ball, location: 2F 0-1: Ball 1-1: Ball 2-1: Called Strike 2-2: Foul Ball, location: 2F 2-2: Foul Ball, location: 2F 2-2: Ball 3-2: Base on Balls Raúl Valadez to second
|
Batting: RHB Bronson Nicholls
|
0-0: Fielders Choice at 2nd, 1-6 (Groundball, 15S) Raúl Valadez to third
|
Batting: RHB Ray John
|
0-0: Ball 1-0: Foul Ball, location: 2F 1-1: Ball 2-1: Ground out 5-3 (Groundball, 5L)
|
Top of the 2nd over - 0 run(s), 0 hit(s), 0 error(s), 2 left on base; Vermont 1 - Pure Michigan 0 |
BOTTOM OF THE 2ND |
Pure Michigan Great Lakers batting - Pitching for Vermont Lake Monsters : RHP Roberto Cantú
|
Batting: RHB Pablo León
|
0-0: Swinging Strike 0-1: Called Strike 0-2: Ball 1-2: Ball 2-2: Ground out 5-3 (Groundball, 56S)
|
Batting: RHB Bartolo Benítez
|
0-0: Ball 1-0: Ball 2-0: Foul Ball, location: 2F 2-1: Swinging Strike 2-2: Ball 3-2: Foul Ball, location: 2F 3-2: Ground out U3 (Groundball, 3S)
|
Batting: SHB Mike Barton
|
0-0: Ball 1-0: Swinging Strike 1-1: Ball 2-1: Ball 3-1: Base on Balls
|
Batting: RHB Bill Childers
|
0-0: Ball 1-0: Ball 2-0: Swinging Strike 2-1: Foul Ball, location: 2F 2-2: Strikes out swinging
|
Bottom of the 2nd over - 0 run(s), 0 hit(s), 0 error(s), 1 left on base; Vermont 1 - Pure Michigan 0 |
TOP OF THE 3RD |
Vermont Lake Monsters batting - Pitching for Pure Michigan Great Lakers : RHP Pedro Luna
|
Batting: RHB Sean MacKnight
|
0-0: Swinging Strike 0-1: Ball 1-1: Ball 2-1: Fly out, F8 (Line Drive, 78XD)
|
Batting: LHB Manny Valentín
|
0-0: Called Strike 0-1: Ball 1-1: Ball 2-1: SINGLE (Flyball, 78S)
|
Batting: RHB Floyd Mitchell
|
0-0: Swinging Strike 0-1: Ball 1-1: Ball 2-1: Foul Ball, location: 2F 2-2: Fly out, F3 (Popup, 3L)
|
Batting: RHB Chuck Wolf
|
0-0: Called Strike Throwing error on steal attempt, E2 Manny Valentín to third 0-1: Ball 1-1: Ball 2-1: Fly out, F8 (Flyball, 8RM)
|
Top of the 3rd over - 0 run(s), 1 hit(s), 1 error(s), 1 left on base; Vermont 1 - Pure Michigan 0 |
BOTTOM OF THE 3RD |
Pure Michigan Great Lakers batting - Pitching for Vermont Lake Monsters : RHP Roberto Cantú
|
Batting: SHB Valentín Guzmán
|
0-0: Called Strike 0-1: Ball 1-1: Ball 2-1: Ball 3-1: Ground out 4-3 (Groundball, 34)
|
Batting: RHB Javier Rivera
|
0-0: Ball 1-0: Foul Ball, location: 2F 1-1: Swinging Strike 1-2: SINGLE (Groundball, 56)
|
Batting: RHB Lonnie Conrad
|
0-0: Called Strike 0-1: Ball 1-1: Ball 2-1: Foul Ball, location: 2F 2-2: Grounds into double play, 5-4-3 (Groundball, 56)
|
Bottom of the 3rd over - 0 run(s), 1 hit(s), 0 error(s), 0 left on base; Vermont 1 - Pure Michigan 0 |
TOP OF THE 4TH |
Vermont Lake Monsters batting - Pitching for Pure Michigan Great Lakers : RHP Pedro Luna
|
Batting: RHB Domenic Gallard
|
0-0: Called Strike 0-1: Foul Ball, location: 2F 0-2: Foul Ball, location: 2F 0-2: Foul Ball, location: 2F 0-2: Fly out, F6 (Popup, 6MD)
|
Batting: RHB Raúl Valadez
|
0-0: Ball 1-0: Called Strike 1-1: Foul Ball, location: 2F 1-2: Fly out, F8 (Flyball, 8RM)
|
Batting: RHB Fernando Castro
|
0-0: Called Strike 0-1: Fly out, F7 (Line Drive, 7M)
|
Top of the 4th over - 0 run(s), 0 hit(s), 0 error(s), 0 left on base; Vermont 1 - Pure Michigan 0 |
BOTTOM OF THE 4TH |
Pure Michigan Great Lakers batting - Pitching for Vermont Lake Monsters : RHP Roberto Cantú
|
Batting: LHB Mario Cruz
|
0-0: Swinging Strike 0-1: Called Strike 0-2: Foul Ball, location: 2F 0-2: Foul Ball, location: 2F 0-2: Ball 1-2: Strikes out swinging
|
Batting: RHB Ron Ward
|
0-0: Swinging Strike 0-1: Foul Ball, location: 2F 0-2: Ball 1-2: Ball 2-2: Ball 3-2: Foul Ball, location: 2F 3-2: Foul Ball, location: 2F 3-2: Fly out, F3 (Popup, 3F)
|
Batting: RHB Pablo León
|
0-0: Called Strike 0-1: Ball 1-1: Ball 2-1: Ball 3-1: Fly out, F3 (Popup, 3F)
|
Bottom of the 4th over - 0 run(s), 0 hit(s), 0 error(s), 0 left on base; Vermont 1 - Pure Michigan 0 |
TOP OF THE 5TH |
Vermont Lake Monsters batting - Pitching for Pure Michigan Great Lakers : RHP Pedro Luna
|
Batting: RHB Bronson Nicholls
|
0-0: Called Strike 0-1: Called Strike 0-2: Ball 1-2: Strikes out swinging
|
Batting: RHB Ray John
|
0-0: Ball 1-0: Ball 2-0: Foul Ball, location: 2F 2-1: Fly out, F4 (Popup, 34D)
|
Batting: RHB Sean MacKnight
|
0-0: Ball 1-0: Called Strike 1-1: Swinging Strike 1-2: Ball 2-2: Foul Ball, location: 2F 2-2: Strikes out swinging
|
Top of the 5th over - 0 run(s), 0 hit(s), 0 error(s), 0 left on base; Vermont 1 - Pure Michigan 0 |
BOTTOM OF THE 5TH |
Pure Michigan Great Lakers batting - Pitching for Vermont Lake Monsters : RHP Roberto Cantú
|
Batting: RHB Bartolo Benítez
|
0-0: Ball 1-0: Swinging Strike 1-1: Foul Ball, location: 2F 1-2: Strikes out swinging
|
Batting: SHB Mike Barton
|
0-0: Called Strike 0-1: Ball 1-1: Swinging Strike 1-2: Ball 2-2: Fly out, F5 (Popup, 56)
|
Batting: RHB Bill Childers
|
0-0: SINGLE (Groundball, 6M)
|
Batting: SHB Valentín Guzmán
|
0-0: Ball 1-0: Ball 2-0: Fly out, F3 (Popup, 3S)
|
Bottom of the 5th over - 0 run(s), 1 hit(s), 0 error(s), 1 left on base; Vermont 1 - Pure Michigan 0 |
TOP OF THE 6TH |
Vermont Lake Monsters batting - Pitching for Pure Michigan Great Lakers : RHP Pedro Luna
|
Batting: LHB Manny Valentín
|
0-0: Called Strike 0-1: SINGLE (Line Drive, 8RS)
|
Pitching: RHP Juan Villanueva
|
|
Batting: RHB Floyd Mitchell
|
0-0: Ball 1-0: Swinging Strike 1-1: Ball 2-1: Fly out, F8 (Flyball, 8RM)
|
Batting: RHB Chuck Wolf
|
0-0: Called Strike 0-1: Swinging Strike 0-2: Grounds into double play, 6-4-3 (Groundball, 6M)
|
Top of the 6th over - 0 run(s), 1 hit(s), 0 error(s), 0 left on base; Vermont 1 - Pure Michigan 0 |
BOTTOM OF THE 6TH |
Pure Michigan Great Lakers batting - Pitching for Vermont Lake Monsters : RHP Roberto Cantú
|
Batting: RHB Javier Rivera
|
0-0: Ball 1-0: Swinging Strike 1-1: Foul Ball, location: 2F 1-2: Ball 2-2: Fly out, F7 (Flyball, 78M)
|
Batting: RHB Lonnie Conrad
|
0-0: Ball 1-0: Ball 2-0: Ball 3-0: Foul Ball, location: 2F 3-1: Called Strike 3-2: Base on Balls
|
Batting: LHB Mario Cruz
|
0-0: Grounds into double play, 1-4-3 (Groundball, 13S)
|
Bottom of the 6th over - 0 run(s), 0 hit(s), 0 error(s), 0 left on base; Vermont 1 - Pure Michigan 0 |
TOP OF THE 7TH |
Vermont Lake Monsters batting - Pitching for Pure Michigan Great Lakers : RHP Juan Villanueva
|
Batting: RHB Domenic Gallard
|
0-0: Swinging Strike 0-1: SINGLE (Groundball, 4D)
|
Batting: RHB Raúl Valadez
|
0-0: Bunted foul 0-1: Sac Bunt - play at first, batter OUT! 1-4 Domenic Gallard to second
|
Pinch Hitting: SHB Arturo Robles
|
0-0: Ball 1-0: Ground out 4-3 (Groundball, 4) Domenic Gallard to third
|
Batting: RHB Bronson Nicholls
|
0-0: Called Strike 0-1: Ball 1-1: Ball 2-1: Ground out 4-3 (Groundball, 4M)
|
Top of the 7th over - 0 run(s), 1 hit(s), 0 error(s), 1 left on base; Vermont 1 - Pure Michigan 0 |
BOTTOM OF THE 7TH |
Pure Michigan Great Lakers batting - Pitching for Vermont Lake Monsters : RHP Roberto Cantú
|
Now at 2B: Arturo Robles
|
|
Batting: RHB Ron Ward
|
0-0: Ball 1-0: Foul Ball, location: 2F 1-1: Foul Ball, location: 2F 1-2: SINGLE (Line Drive, 4D)
|
Pitching: RHP Ed Jacobs
|
|
Batting: RHB Pablo León
|
0-0: Bunted foul 0-1: Bunted foul 0-2: Ball 1-2: Foul Ball, location: 2F 1-2: SINGLE (Flyball, 89S) Ron Ward to second
|
Batting: RHB Bartolo Benítez
|
0-0: Swinging Strike 0-1: Bunted foul 0-2: Foul Ball, location: 2F 0-2: Ball 1-2: Ball 2-2: SINGLE (Groundball, 56) Ron Ward to third Pablo León to second
|
Batting: SHB Mike Barton
|
0-0: Ball 1-0: Ball 2-0: Ball 3-0: Called Strike 3-1: Base on Balls Ron Ward scores Pablo León to third Bartolo Benítez to second
|
Pinch Hitting: RHB Zong-yuan Fung
|
0-0: Ball 1-0: Called Strike 1-1: Foul Ball, location: 2F 1-2: Ball 2-2: Foul Ball, location: 2F 2-2: Foul Ball, location: 2F 2-2: Foul Ball, location: 2F 2-2: Fly out, F9 (Flyball, 89S)
|
Batting: SHB Valentín Guzmán
|
0-0: Called Strike 0-1: Foul Ball, location: 2F 0-2: Strikes out looking
|
Batting: RHB Javier Rivera
|
0-0: Ball 1-0: Foul Ball, location: 2F 1-1: Ball 2-1: Ball 3-1: Foul Ball, location: 2F 3-2: Base on Balls Pablo León scores Bartolo Benítez to third Mike Barton to second
|
Batting: RHB Lonnie Conrad
|
0-0: Called Strike 0-1: Ball 1-1: Swinging Strike 1-2: Ball 2-2: Fielders Choice at 2nd, 5-4 (Groundball, 5)
|
Bottom of the 7th over - 2 run(s), 3 hit(s), 0 error(s), 2 left on base; Vermont 1 - Pure Michigan 2 |
TOP OF THE 8TH |
Vermont Lake Monsters batting - Pitching for Pure Michigan Great Lakers : RHP Juan Villanueva
|
Pitching: RHP Gary Jones
|
|
Now in CF: Jim Unknown
|
|
Batting: RHB Ray John
|
0-0: Ball 1-0: Swinging Strike 1-1: Ball 2-1: Swinging Strike 2-2: Ball 3-2: Strikes out swinging
|
Batting: RHB Sean MacKnight
|
0-0: SOLO HOME RUN (Flyball, 78XD), Distance : 421 ft
|
Batting: LHB Manny Valentín
|
0-0: Fly out, F8 (Flyball, 8RD)
|
Batting: RHB Floyd Mitchell
|
0-0: Called Strike 0-1: Ball 1-1: Called Strike 1-2: Ball 2-2: Strikes out swinging
|
Top of the 8th over - 1 run(s), 1 hit(s), 0 error(s), 0 left on base; Vermont 2 - Pure Michigan 2 |
BOTTOM OF THE 8TH |
Pure Michigan Great Lakers batting - Pitching for Vermont Lake Monsters : RHP Ed Jacobs
|
Batting: LHB Mario Cruz
|
0-0: Ball 1-0: SINGLE (Line Drive, 4D)
|
Batting: RHB Ron Ward
|
0-0: Ball 1-0: Ball 2-0: Ball 3-0: Base on Balls Mario Cruz to second
|
Batting: RHB Pablo León
|
0-0: Ball 1-0: Sac Bunt - play at first, batter OUT! 1-4 Mario Cruz to third Ron Ward to second
|
Pinch Hitting: LHB Sean Angwin
|
0-0: Fly out, F9 (Flyball, 9LS)
|
Batting: SHB Mike Barton
|
0-0: Swinging Strike 0-1: Swinging Strike 0-2: Ball 1-2: Ball 2-2: Fly out, F7 (Flyball, 78S)
|
Bottom of the 8th over - 0 run(s), 1 hit(s), 0 error(s), 2 left on base; Vermont 2 - Pure Michigan 2 |
TOP OF THE 9TH |
Vermont Lake Monsters batting - Pitching for Pure Michigan Great Lakers : RHP Gary Jones
|
Pitching: RHP Jim Unknown
|
|
Now in RF: Sean Angwin
|
|
Pinch Hitting: LHB Reijiro Sato
|
0-0: Called Strike 0-1: Ball 1-1: Called Strike 1-2: Fly out, F8 (Flyball, 8RXD)
|
Batting: RHB Domenic Gallard
|
0-0: Foul Ball, location: 2F 0-1: Reached on error, E6 (Groundball, 6)
|
Pinch Hitting: LHB Tim Hill
|
0-0: Ball 1-0: Ball 2-0: Ball 3-0: Base on Balls
|
Batting: SHB Arturo Robles
|
0-0: Fielders Choice at 2nd, 4-6 (Groundball, 4) Domenic Gallard to third
|
Batting: RHB Bronson Nicholls
|
0-0: Fly out, F9 (Flyball, 9M)
|
Top of the 9th over - 0 run(s), 0 hit(s), 1 error(s), 2 left on base; Vermont 2 - Pure Michigan 2 |
BOTTOM OF THE 9TH |
Pure Michigan Great Lakers batting - Pitching for Vermont Lake Monsters : RHP Ed Jacobs
|
Pitching: RHP Bill Lee
|
|
Now at 3B: Teddy Pelham
|
|
Now at SS: Mike Blue
|
|
Batting: RHB Jim Unknown
|
0-0: Ball 1-0: Ball 2-0: Foul Ball, location: 2F 2-1: Foul Ball, location: 2F 2-2: Foul Ball, location: 2F 2-2: Strikes out swinging
|
Batting: SHB Valentín Guzmán
|
0-0: Swinging Strike 0-1: Called Strike 0-2: Foul Ball, location: 2F 0-2: Foul Ball, location: 2F 0-2: Ball 1-2: Ball 2-2: Foul Ball, location: 2F 2-2: Ball 3-2: Fly out, F3 (Popup, 34S)
|
Batting: RHB Javier Rivera
|
0-0: Foul Ball, location: 2F 0-1: Ground out 1-3 (Groundball, 15S)
|
Bottom of the 9th over - 0 run(s), 0 hit(s), 0 error(s), 0 left on base; Vermont 2 - Pure Michigan 2 |
TOP OF THE 10TH |
Vermont Lake Monsters batting - Pitching for Pure Michigan Great Lakers : RHP Jim Unknown
|
Batting: RHB Ray John
|
0-0: Ball 1-0: Foul Ball, location: 2F 1-1: Foul Ball, location: 2F 1-2: Strikes out swinging
|
Batting: RHB Sean MacKnight
|
0-0: Ground out 6-3 (Groundball, 6)
|
Batting: LHB Manny Valentín
|
0-0: Foul Ball, location: 2F 0-1: Ball 1-1: Foul Ball, location: 2F 1-2: Ball 2-2: Foul Ball, location: 2F 2-2: Ball 3-2: Foul Ball, location: 2F 3-2: Foul Ball, location: 2F 3-2: Base on Balls
|
Batting: RHB Floyd Mitchell
|
Pickoff Throw to First - Error! E1 Manny Valentín to second 0-0: Ball 1-0: Ball 2-0: Foul Ball, location: 2F 2-1: Swinging Strike 2-2: Ball 3-2: Base on Balls
|
Batting: RHB Teddy Pelham
|
0-0: Called Strike 0-1: Called Strike 0-2: Ball 1-2: Strikes out swinging
|
Top of the 10th over - 0 run(s), 0 hit(s), 1 error(s), 2 left on base; Vermont 2 - Pure Michigan 2 |
BOTTOM OF THE 10TH |
Pure Michigan Great Lakers batting - Pitching for Vermont Lake Monsters : RHP Jim Unknown
|
Pitching: RHP Jim Unknown
|
|
Batting: RHB Lonnie Conrad
|
0-0: Ball 1-0: Ball 2-0: Called Strike 2-1: Ball 3-1: Base on Balls
|
Batting: LHB Mario Cruz
|
0-0: Fly out, F4 (Popup, 9S)
|
Batting: RHB Ron Ward
|
0-0: Called Strike 0-1: Foul Ball, location: 2F 0-2: Ball 1-2: Foul Ball, location: 2F 1-2: Foul Ball, location: 2F 1-2: Ball 2-2: Grounds into double play, 6-4-3 (Groundball, 6)
|
Bottom of the 10th over - 0 run(s), 0 hit(s), 0 error(s), 0 left on base; Vermont 2 - Pure Michigan 2 |
TOP OF THE 11TH |
Vermont Lake Monsters batting - Pitching for Pure Michigan Great Lakers : RHP Jim Unknown
|
Pitching: LHP Jim Unknown
|
|
Batting: RHB Domenic Gallard
|
0-0: Called Strike 0-1: Ball 1-1: DOUBLE (Line Drive, 8RS)
|
Batting: LHB Mike Blue
|
0-0: Ball 1-0: Swinging Strike 1-1: Called Strike 1-2: Foul Ball, location: 2F 1-2: Strikes out swinging
|
Batting: SHB Arturo Robles
|
0-0: Foul Ball, location: 2F 0-1: Ball 1-1: Foul Ball, location: 2F 1-2: Strikes out swinging
|
Batting: RHB Bronson Nicholls
|
0-0: DOUBLE (Groundball, 5L) Domenic Gallard scores
|
Batting: RHB Ray John
|
0-0: Ball 1-0: Called Strike 1-1: Ball 2-1: Ball 3-1: Called Strike 3-2: Base on Balls
|
Batting: RHB Sean MacKnight
|
0-0: Ball 1-0: Called Strike 1-1: Foul Ball, location: 2F 1-2: Foul Ball, location: 2F 1-2: Ball 2-2: Strikes out swinging
|
Top of the 11th over - 1 run(s), 2 hit(s), 0 error(s), 2 left on base; Vermont 3 - Pure Michigan 2 |
BOTTOM OF THE 11TH |
Pure Michigan Great Lakers batting - Pitching for Vermont Lake Monsters : RHP Jim Unknown
|
Batting: RHB Pablo León
|
0-0: Ball 1-0: Foul Ball, location: 2F 1-1: Ball 2-1: Called Strike 2-2: Ground out U3 (Groundball, 3S)
|
Batting: LHB Sean Angwin
|
0-0: Ball 1-0: Foul Ball, location: 2F 1-1: Foul Ball, location: 2F 1-2: Ball 2-2: Strikes out swinging
|
Pitching: RHP Jim Unknown
|
|
Batting: SHB Mike Barton
|
0-0: Ball 1-0: Foul Ball, location: 2F 1-1: Ground out 6-3 (Groundball, 6)
|
Bottom of the 11th over - 0 run(s), 0 hit(s), 0 error(s), 0 left on base; Vermont 3 - Pure Michigan 2 |
|